 Dungeon Crawl Stone Soup version 0.24.0-123-gd5b16e6ec5 (webtiles) character file.

Game seed: 9030918105123444048, levelgen mode: deterministic

11 MisterOstroum the Skirmisher (level 2, 0/25 HPs)
             Began as a Hill Orc Warper on Jan 11, 2020.
             Slain by a jackal (1 damage)
             ... on level 1 of the Dungeon.
             The game lasted 00:00:37 (268 turns).

MisterOstroum the Skirmisher (Hill Orc Warper)       Turns: 268, Time: 00:00:37

Health: 0/25       AC:  3    Str: 13    XL:     2   Next: 29%
Magic:  4/4        EV: 11    Int: 13    God:
Gold:   50         SH:  0    Dex: 10    Spells: 4/4 levels left

rFire    . . .     SeeInvis .   a - +0 spear
rCold    . . .     Gourm    .   (no shield)
rNeg     . . .     Faith    .   b - +0 leather armour
rPois    .         Spirit   .   (no helmet)
rElec    .         Reflect  .   (no cloak)
rCorr    .         Harm     .   (no gloves)
MR       .....                  (no boots)
Stlth    +.........             (no amulet)
HPRegen  0.08/turn              (no ring)
MPRegen  0.09/turn              (no ring)

@: no status effects
A: no striking features
a: no special abilities


You were on level 1 of the Dungeon.
You were not hungry.

You visited 1 branch of the dungeon, and saw 1 of its levels.

You collected 50 gold pieces.

Inventory:

Hand Weapons
 a - a +0 spear (weapon)
Missiles
 f - 5 boomerangs of dispersal (quivered)
 g - 36 stones
Armour
 b - a +0 leather armour (worn)
Scrolls
 d - a scroll of blinking {@r4}
 j - a scroll of identify {unknown}
Potions
 h - a potion of curing {unknown}
 i - 2 potions of might {unknown}
Comestibles
 c - 5 chunks of flesh
 e - a ration


   Skills:
 * Level 2.9 Fighting
 * Level 2.5 Polearms
 - Level 0.8 Throwing
 + Level 1.3 Armour
 + Level 1.7 Dodging
 - Level 1.5 Spellcasting
   Level 2.4 Translocations


You had 4 spell levels left.
You didn't know any spells.
Your spell library contained the following spells:

 Spells                   Type           Power        Failure   Level  Hunger
 Blink                    Tloc           N/A          19%         2    ###....
 Shroud of Golubria       Chrm/Tloc      #.....       30%         2    ###....
 Gell's Gravitas          Tloc           #.........   36%         3    ####...
 Lesser Beckoning         Tloc           #.........   36%         3    ####...
 Teleport Other           Tloc           #.......     36%         3    ####...
 Passage of Golubria      Tloc           N/A          77%         4    #####..


Dungeon Overview and Level Annotations

Branches:
Dungeon (1/15)

Altars:


Message History

c - 3 chunks of flesh (gained 1)
You butcher the goblin corpse.
c - 5 chunks of flesh (gained 2)
You see here a goblin skeleton. x2
j - a scroll labeled IMYDO NEV FUYN You now have 50 gold pieces (gained 7).
A jackal comes into view.
The jackal barks!
Found a hand axe and 5 gold pieces.
A jackal is nearby!
A jackal comes into view.
The jackal closely misses you.
The jackal barks!
You hit the jackal.
The jackal is heavily wounded.
The jackal barely misses you.
A jackal comes into view.
You closely miss the jackal.
The jackal is heavily wounded.
The jackal barks!
You hear a shout!
The jackal bites you but does no damage.
The jackal barely misses you.
You hit the jackal.
You kill the jackal!
Found 5 gold pieces.
You closely miss the jackal. The jackal closely misses you.
A hobgoblin comes into view. It is wielding a +0 club.
You barely miss the jackal. The jackal barely misses you.
The jackal closely misses you.
The jackal bites you but does no damage.
You hit the jackal but do no damage. The jackal bites you. x2
You miss the jackal.
The jackal bites you but does no damage.
The jackal barely misses you.
You closely miss the jackal. The jackal barely misses you.
The jackal bites you. x2
The jackal bites you but does no damage.
You closely miss the jackal. The jackal barely misses you.
The jackal closely misses you.
You closely miss the jackal.
The jackal bites you but does no damage.
The jackal barely misses you. The jackal closely misses you.
There are monsters nearby!
There are monsters nearby!
There are monsters nearby!
You closely miss the hobgoblin. The jackal closely misses you.
The hobgoblin closely misses you. The jackal bites you. The jackal misses you.
The hobgoblin closely misses you. The jackal misses you.
You are too injured to fight recklessly!
You are too injured to fight recklessly!
You are too injured to fight recklessly!
You are too injured to fight recklessly!
You are too injured to fight recklessly!
You are too injured to fight recklessly!
You are too injured to fight recklessly!
You are too injured to fight recklessly!
You are too injured to fight recklessly!
You are too injured to fight recklessly!
You are too injured to fight recklessly!
You are too injured to fight recklessly!
You are too injured to fight recklessly!
You are too injured to fight recklessly!
You are too injured to fight recklessly!
You are too injured to fight recklessly!
You are too injured to fight recklessly!
You closely miss the jackal. The jackal bites you.
You miss the jackal.
The jackal bites you but does no damage.
You closely miss the jackal. The jackal closely misses you.
The jackal bites you but does no damage.
You miss the jackal. The jackal completely misses you.
You hit the jackal but do no damage.
The jackal bites you but does no damage.
The jackal bites you.
You hit the jackal.
The jackal is almost dead.
The jackal bites you.
You hit the jackal.
You kill the jackal!
You hit the hobgoblin but do no damage. The hobgoblin hits you with a +0 club.
You hit the hobgoblin.
The hobgoblin is moderately wounded.
The hobgoblin hits you but does no damage.
You hit the hobgoblin but do no damage.
The hobgoblin is moderately wounded.
The hobgoblin hits you with a +0 club.
* * * LOW HITPOINT WARNING * * *
You see here a goblin skeleton.
The jackal bites you.
* * * LOW HITPOINT WARNING * * *
Attack whom?
Press: ? - help, Dir - move target cursor, f - jackal
Aim: a jackal You closely miss the jackal.
The jackal bites you.
* * * LOW HITPOINT WARNING * * *
You closely miss the jackal.
The jackal bites you but does no damage. x2
The jackal bites you.
You die...

##### #...# ######........#
#...#####...# #....###.#.#
#.....##....#
####....###..).
#.....##.#.##
#..........#.#.
#.....##.#.# #..........#.#
###......#.# #..........#..
#...####.####....##....##.#
###.#....#.hg.÷..####### ..
########.#..###@##....#...
#.
#......#.#...÷..#.........
$
#......#...###....#####....
#......#....##.##.# .....
#......#....+.....# ....
#...........#....## ###.
#.........#.#....#
#.........#......#
#.........###....#


You could see a jackal and a hobgoblin.

Vanquished Creatures
  A leopard gecko (D:1)
  2 giant cockroaches (D:1)
  2 jackals (D:1)
  A kobold (D:1)
  A goblin (D:1)
  3 rats (D:1)
10 creatures vanquished.

Notes
Turn   | Place    | Note
-------+----------+-------------------------------------------
     0 | D:1      | MisterOstroum the Hill Orc Warper began the quest for the
                  | Orb.
     0 | D:1      | Reached XP level 1. HP: 18/18 MP: 3/3
   150 | D:1      | Reached XP level 2. HP: 25/25 MP: 4/4
   265 | D:1      | HP: 1/25 [jackal (2)]
   268 | D:1      | Slain by a jackal

Levels and vault maps discovered:
D:1:      kennysheep_arrival_forest, layout_basic

Action                   || total
-------------------------++-------
Melee: Spear             ||    43
Armor: Leather armour    ||    17
Dodge: Dodged            ||    22
